 Dungeon Crawl Stone Soup version 0.28.0 (webtiles) character file.

Game seed: 11969068088013254860

660 greynaab the Poker (level 7, -5/69 HPs)
             Began as an Octopode Berserker on Feb 6, 2022.
             Was a Priest of Trog.
             Slain by a centaur warrior zombie (8 damage)
             ... on level 6 of the Dungeon.
             The game lasted 00:13:34 (5186 turns).

greynaab the Poker (Octopode Berserker)             Turns: 5186, Time: 00:13:34

Health: -5/69      AC:  3    Str: 18    XL:     7   Next: 56%
Magic:  7/7        EV: 15    Int: 10    God:    Trog [***...]
Gold:   253        SH:  0    Dex: 11    Spells: 6/6 levels left

rFire   . . .      SeeInvis .   a - +0 spear (venom)
rCold   . . .      Faith    .   (no shield)
rNeg    . . .      Spirit   .   k - +2 hat
rPois   .          Reflect  .   (no amulet)
rElec   .          Harm     .   (no ring)
rCorr   .          Rampage  .   (no ring)
Will    .....                   (no ring)
Stlth   ..........              (no ring)
HPRegen 0.21/turn               (no ring)
MPRegen 0.10/turn               (no ring)
                                (no ring)
                                (no ring)

@: berserking, very quick
A: almost no armour, amphibious, 8 rings, camouflage 1, gelatinous body 1,
(nimble swimmer 1), tentacles
a: Renounce Religion, Berserk, Trog's Hand


You were on level 6 of the Dungeon.
You worshipped Trog.
Trog was most pleased with you.
You visited 1 branch of the dungeon, and saw 6 of its levels.
You also visited: Sewer.

You collected 253 gold pieces.

Inventory:

Hand Weapons
 a - a +0 spear of venom (weapon)
Missiles
 c - 156 stones
 m - 12 boomerangs
 o - 5 poisoned darts (quivered)
Armour
 k - a +2 hat (worn)
Wands
 i - a wand of digging (5)
 n - a wand of mindburst (13)
Scrolls
 b - a scroll of summoning
 d - a scroll of enchant weapon {unknown}
 e - 3 scrolls of teleportation
 h - 2 scrolls of blinking
Potions
 f - a potion of heal wounds
 g - a potion of brilliance
 j - 2 potions of invisibility {unknown}
 l - a potion of magic {unknown}


   Skills:
 - Level 3.0 Fighting
 + Level 6.1 Polearms
 + Level 6.1 Dodging
 + Level 3.1 Stealth


You had 6 spell levels left.
You didn't know any spells.
Your spell library contained the following spells:

 Spells                   Type           Power      Damage    Failure   Level
 Ensorcelled Hibernation  Hex/Ice        0%         N/A       50%         2
 Spider Form              Tmut/Pois      0%         N/A       75%         3
 Anguish                  Hex/Necr       0%         N/A       98%         4


Dungeon Overview and Level Annotations

Branches:
Dungeon (6/15)              Sewer (visited)
 Temple: D:4-7

Altars:
Cheibriados
Yredelemnul

Shops:
D:1 ([


Innate Abilities, Weirdness & Mutations

You cannot wear most types of armour.
You are amphibious.
You can wear up to eight rings at the same time.
Your skin changes colour to match your surroundings (Stealth+).
Your rubbery body absorbs attacks. (AC +1, EV +1)
((You are camouflaged when in or above water. (Stealth+)))
You have tentacles for arms and can constrict up to eight enemies at once.


Message History

You squeeze the centaur warrior zombie.
The centaur warrior zombie is lightly damaged.
The centaur warrior zombie hits you.
The centaur warrior zombie kicks you but does no damage.
You hit the centaur warrior zombie.
The centaur warrior zombie is lightly damaged.
The centaur warrior zombie misses you. The centaur warrior zombie kicks you.
You hit the centaur warrior zombie. You squeeze the centaur warrior zombie!
The centaur warrior zombie is moderately damaged.
The centaur warrior zombie barely misses you. x2
You hit the centaur warrior zombie. You squeeze the centaur warrior zombie!
The centaur warrior zombie is heavily damaged.
The centaur warrior zombie hits you!
* * * LOW HITPOINT WARNING * * *
The centaur warrior zombie barely misses you.
You barely miss the centaur warrior zombie.
Your squeeze misses the centaur warrior zombie.
The centaur warrior zombie is heavily damaged.
The centaur warrior zombie misses you.
The centaur warrior zombie closely misses you.
The centaur warrior zombie hits you.
* * * LOW HITPOINT WARNING * * *
The centaur warrior zombie barely misses you.
A red film seems to cover your vision as you go berserk!
You feel yourself moving faster!
You feel mighty! The centaur warrior zombie hits you.
* * * LOW HITPOINT WARNING * * *
The centaur warrior zombie misses you.
You barely miss the centaur warrior zombie.
The centaur warrior zombie is heavily damaged.
The centaur warrior zombie hits you!
* * * LOW HITPOINT WARNING * * *
The centaur warrior zombie kicks you.
* * * LOW HITPOINT WARNING * * *
You puncture the centaur warrior zombie!
The centaur warrior zombie is heavily damaged.
You hit the centaur warrior zombie.
The centaur warrior zombie is severely damaged.
The centaur warrior zombie hits you!
You die...

#.# ..... #.#
...##.
#.#####..#..#
#........#...
#####.....###
#........
#........
#........
#@Z......
#........
#........
######.## .#
#


You could see a centaur warrior zombie.

Vanquished Creatures
  Pargi (Sewer)
  An ogre (D:6)
  2 scorpions
  2 water moccasin skeletons (D:5)
  A howler monkey (D:5)
  A hound (D:5)
  A bullfrog skeleton (D:4)
  A scorpion zombie (D:5)
  An iguana (D:5)
  2 adders
  A river rat (D:5)
  A worm (D:5)
  2 dart slugs
  5 orcs
  11 ball pythons
  5 bats
  7 endoplasms
  2 giant cockroaches (D:1)
  6 goblins
  7 hobgoblins
  8 jackals
  6 quokkas
  3 frilled lizards
  6 kobolds
  14 rats
97 creatures vanquished.

Notes
Turn   | Place    | Note
-------+----------+-------------------------------------------
     0 | D:1      | greynaab the Octopode Berserker began the quest for the
                  | Orb.
     0 | D:1      | Reached XP level 1. HP: 16/16 MP: 1/1
   214 | D:1      | Found Pumiomes's Antique Armour Shoppe.
   350 | D:1      | Reached XP level 2. HP: 17/21 MP: 2/2
   899 | D:1      | Found a faded altar of an unknown god.
   903 | D:1      | Found Gytyis's Weapon Boutique.
  1209 | D:1      | Reached XP level 3. HP: 26/26 MP: 3/3
  1252 | D:1      | Reached ** piety under Trog
  2090 | D:2      | Reached XP level 4. HP: 31/31 MP: 4/4
  2634 | D:3      | Reached *** piety under Trog
  3389 | D:4      | Noticed a scorpion
  3400 | D:4      | Killed a scorpion
  3401 | D:4      | Reached XP level 5. HP: 36/36 MP: 5/5
  3919 | D:4      | Found a basalt altar of Yredelemnul.
  3922 | D:4      | Found a snail-covered altar of Cheibriados.
  4039 | D:5      | Entered Level 5 of the Dungeon
  4059 | D:5      | Reached skill level 5 in Polearms
  4059 | D:5      | Reached skill level 5 in Dodging
  4059 | D:5      | Reached XP level 6. HP: 35/42 MP: 6/6
  4248 | D:5      | Found a glowing drain.
  4264 | Sewer    | Entered a sewer
  4319 | Sewer    | Noticed Pargi
  4322 | Sewer    | Killed Pargi
  4587 | D:5      | Reached skill level 1 in Stealth
  4587 | D:5      | Reached XP level 7. HP: 45/46 MP: 7/7
  4792 | D:5      | Noticed a yak
  5186 | D:6      | Slain by a centaur warrior zombie

Illustrated notes

Levels and vault maps discovered:
D:1:      dpeg_arrival_water_fire, layout_basic, basic_ecumenical_altar,
          serial_shops, nicolae_shop_bloodbath_and_beyond, nicolae_square_shop
D:2:      layout_basic
D:3:      layout_loops_ring, minivault_23, patterned_corridor
D:4:      layout_gridville, chequers_temple_overflow_statue_of_worship
D:5:      layout_basic, portal_sewer_entry_b
D:6:      minmay_flawed_box, layout_rooms, lemuel_crystal_altar,
          lightli_temple_of_fire, minmay_temple_entry_junction, st_stairs_6,
          minmay_curled_crystal, kennysheep_boxes

Skill      XL: |  1  2  3  4  5  6  7 |
---------------+----------------------+-----
Polearms       | 4 5 6 |  6.1
Dodging        | 4 5 6 |  6.1
Stealth        | 1 3 |  3.1
Fighting       | |  3.0

Action                   |  1- 3 |  4- 6 |  7- 9 || total
-------------------------+-------+-------+-------++-------
Melee: Spear             |   106 |    98 |    40 ||   244
       Constrict         |    21 |    19 |     6 ||    46
       Tentacles         |    16 |    21 |    11 ||    48
       Punch             |     3 |       |       ||     3
Throw: Stone             |       |     2 |       ||     2
       Dart              |       |       |     5 ||     5
Invok: Berserk           |       |     1 |     1 ||     2
Evoke: Wand              |       |     2 |       ||     2
  Use: Scroll            |       |     9 |       ||     9
 Stab: Sleeping          |     5 |     9 |     1 ||    15
       Distracted        |     1 |     1 |       ||     2
Armor: Skin              |     5 |       |     3 ||     8
Dodge: Dodged            |    30 |    33 |    21 ||    84
